 Dungeon Crawl Stone Soup version 0.22-a0-305-gd21a89c (webtiles) character file.

540887 grindst0ne the Slayer (level 27, -2/182 HPs)
             Began as a Kobold Berserker on Mar 28, 2018.
             Was the Champion of Kikubaaqudgha.
             Slain by a deep troll (10 damage)
             ... created by the rage of Trog
             ... on level 3 of the Elven Halls.
             The game lasted 03:18:38 (85617 turns).

grindst0ne the Slayer (Kobold Berserker)           Turns: 85617, Time: 03:18:39

Health: -2/182     AC: 30    Str: 27    XL:     27
Magic:  0/35       EV: 27    Int: 18    God:    Kikubaaqudgha [******]
Gold:   4168       SH: 18    Dex: 21    Spells: 7/42 levels left

rFire    + + .     SeeInvis .   L - +9 demon blade of Reinforcement {flame, Str+2 Int+3}
rCold    + + .     Gourm    .   U - +2 shield {reflect}
rNeg     + + .     Faith    .   P - +2 gold dragon scales
rPois    +         Spirit   +   B - +2 hat of the Bear Spirit {Spirit, +Rage rN+ MR++}
rElec    .         Reflect  +   M - +0 cloak {MR+}
rCorr    .         Harm     .   p - +1 pair of gloves
MR       +++++                  X - +0 pair of boots
Stlth    ..........             H - amulet "Zoimp" {Acrobat rF+ MR+ Stlth+}
HPRegen  0.40/turn              Y - ring of Dubbeyh {rN+ Str+4 Dex+2}
MPRegen  0.24/turn              w - ring of protection from cold

@: agile, very slightly contaminated, invisible
A: small, carnivore
}: 2/15 runes: decaying, serpentine
a: Receive Corpses, Torment, Brand Weapon With Pain, Receive Necronomicon,
Renounce Religion, Evoke Berserk Rage


You were on level 3 of the Elven Halls.
You worshipped Kikubaaqudgha.
Kikubaaqudgha was exalted by your worship.
You were completely stuffed.

You visited 9 branches of the dungeon, and saw 46 of its levels.
You also visited: Ice Cave.

You collected 7008 gold pieces.
You spent 2840 gold pieces at shops.

Inventory:

Hand Weapons
 l - the +6 rapier "Xicvio" {elec, rF+}
   (You found it on level 8 of the Dungeon)

   Occasionally, upon striking a foe, it will discharge some electrical energy
   and cause terrible harm.
   It protects you from fire.
 J - the +10 rapier "Ycyraph" {freeze, Str+4}
   (You found it on level 3 of the Crypt)

   It has been specially enchanted to freeze those struck by it, causing extra
   injury to most foes and up to half again as much damage against particularly
   susceptible opponents.
   It can also slow down cold-blooded creatures.
   It affects your strength (+4).
 L - the +9 demon blade of Reinforcement (weapon) {flame, Str+2 Int+3}
   (You found it on level 2 of the Depths)

   It has been specially enchanted to burn those struck by it, causing extra
   injury to most foes and up to half again as much damage against particularly
   susceptible opponents.
   Big, fiery blades are also staple armaments of hydra-hunters.
   It affects your strength (+2).
   It affects your intelligence (+3).
 N - a +9 vampiric quick blade
 S - a +3 vampiric double sword
Armour
 p - a +1 pair of gloves (worn)
 B - the +2 hat of the Bear Spirit (worn) {Spirit, +Rage rN+ MR++}
   (You found it on level 1 of the Depths)

   It protects you from negative energy.
   It affects your resistance to hostile enchantments.
   It lets you go berserk.
 M - a +0 cloak of magic resistance (worn)
 P - +2 gold dragon scales (worn)
 U - a +2 shield of reflection (worn)
 X - a +0 pair of boots (worn)
 Z - a +2 shield of protection
Jewellery
 a - an uncursed ring of protection from fire
 w - a ring of protection from cold (right hand)
 A - an uncursed ring of see invisible
 H - the amulet "Zoimp" (around neck) {Acrobat rF+ MR+ Stlth+}
   (You acquired it on level 3 of the Swamp)

   [amulet of the acrobat]

   It helps you evade while moving and waiting.
   It protects you from fire.
   It affects your resistance to hostile enchantments.
   It makes you more stealthy.
 Y - the ring of Dubbeyh (left hand) {rN+ Str+4 Dex+2}
   (You found it on level 14 of the Dungeon)

   [ring of strength]

   It affects your strength (+4).
   It affects your dexterity (+2).
   It protects you from negative energy.
Wands
 b - a wand of disintegration (55)
 n - a wand of iceblast (22)
 C - a wand of acid (10)
 D - a wand of digging (11)
 F - a wand of paralysis (96)
 K - a wand of clouds (6)
 V - a wand of scattershot (11)
Scrolls
 f - 3 scrolls of teleportation
 j - a scroll of holy word
 k - 10 scrolls of enchant armour
 m - 8 scrolls of enchant weapon
 o - 21 scrolls of remove curse
 r - 4 scrolls of amnesia
 s - 5 scrolls of fear
 x - 8 scrolls of magic mapping
 y - 7 scrolls of fog
 E - 4 scrolls of identify
Potions
 d - 18 potions of curing
 e - 2 potions of cancellation
 g - a potion of ambrosia
 h - 3 potions of flight
 i - 2 potions of invisibility
 q - 2 potions of might
 t - 3 potions of agility
 z - 3 potions of brilliance
 O - 5 potions of magic
 Q - a potion of haste
 R - 2 potions of mutation
 T - 2 potions of berserk rage
Miscellaneous
 v - a sack of spiders
 G - a phial of floods
 I - 2 phantom mirrors
Comestibles
 c - 66 rations
 W - a chunk of flesh


   Skills:
 - Level 21.0 Fighting
 - Level 18.0(20.4) Short Blades
 - Level 11.9(14.0) Long Blades
 - Level 16.0 Armour
 - Level 21.0 Dodging
 - Level 15.0 Shields
 - Level 8.0 Spellcasting
 * Level 14.9 Necromancy
 + Level 11.0 Translocations
 - Level 6.3 Evocations


You had 7 spell levels left.
You knew the following spells:

 Your Spells              Type           Power        Failure   Level  Hunger
a - Blink                 Tloc           N/A          4%          2    None
b - Song of Slaying       Chrm           #.......     99%         2    None
c - Regeneration          Chrm/Necr      ####......   41%         3    #......
d - Death's Door          Chrm/Necr      ####......   100%        8    #######
e - Necromutation         Tmut/Necr      ####......   100%        8    #######
f - Animate Dead          Necr           N/A          7%          4    ###....
g - Borgnjor's Revivific  Necr           ######....   100%        8    #######


Dungeon Overview and Level Annotations

Branches:
Dungeon (15/15)            Temple (0/1) D:6            Lair (6/6) D:8
  Swamp (4/4) Lair:2        Snake (4/4) Lair:4        Slime (0/5) Lair:6
    Orc (2/2) D:12            Elf (3/3) Orc:2        Vaults (4/5) D:14
  Crypt (3/3) Vaults:2       Tomb (0/3) Crypt:3      Depths (5/5) D:15
    Zot (0/5) Depths:5

Altars:
Dithmenos
Kikubaaqudgha
The Shining One
Beogh

Shops:
D:6 (   D:13 ?   Orc:1 }   Orc:2 (:*!   Elf:2 (   Vaults:3 ?   Depths:3 =
Depths:5 [

Portals:
Hell: Depths:1 Depths:2 Depths:3 Depths:4 Depths:5
Abyss: Depths:2 Depths:4 Depths:5
Pandemonium: Depths:1 Depths:3
Ziggurat: Depths:2

Annotations:
D:3 exclusion: downstairs
D:14 exclusion: downstairs


Innate Abilities, Weirdness & Mutations

You are small and have problems with some larger weapons.
You are carnivorous and can eat meat at any time.


Message History

The stone giant closely misses you.
The deep troll bites you but does no damage.
The deep troll claws you but does no damage.
The deep troll claws you.
* * * LOW HITPOINT WARNING * * *
The stone giant hits you but does no damage.
Okay, then.
You feel agile all of a sudden.
The troll rages.
You block the troll's attack. x2; The troll closely misses you.
The troll completely misses you. The troll closely misses you.
The troll barely misses you. The stone giant hits you!!!
* * * LOW HITPOINT WARNING * * *
The stone giant misses you.
You riposte.
You catch the helpless stone giant completely off-guard!
You slash the stone giant! You burn the stone giant.
The stone giant is lightly wounded.
The deep troll bites you!
You die...
Kikubaaqudgha rasps: "You have failed me!
Welcome... death!"

#..[.[[...#(##
#..(...)
####...=....#
###..._.
##.....(..#
#<#.....
#......<..#
###../..
##.......##
#.#.....
#...)...#
#.#.....
##()h.[##
#.......


#.CTCT# ##'##### #OT@(.# ##.## # #..CT.# ##.## # #..)(## ##.## # ##.((# ##.## #
#.((# ##.## # ##(####.## # #..###.## ## #....'## #. #.../..### #. You could see
an iron troll (berserk), 3 stone giants, a deep troll (berserk), a polar bear
(berserk), 2 trolls and an ogre (berserk).

Vanquished Creatures
  Mennas (Crypt:2)
  A juggernaut (Depths:3)
  An ancient lich (Crypt:3)
  6 caustic shrikes
  Nikola (Depths:1)
  Jory (Crypt:3)
  2 bone dragons
  2 golden dragons
  Jorgrun (Crypt:1)
  2 titans
  8 liches
  A quicksilver dragon (Depths:3)
  A deep elf blademaster (Elf:2)
  A deep elf master archer (Elf:3)
  7 sphinxes
  A thorn hunter (Swamp:3)
  Agnes (Snake:4)
  7 ancient champions
  Kirke (Swamp:1)
  Donald (Swamp:2)
  A shadow dragon (Depths:5)
  3 storm dragons
  5 revenants
  Roxanne (Swamp:2)
  3 tengu reavers (Depths:3)
  10 nagarajas
  6 fire giants
  5 vault wardens
  7 deep elf sorcerers
  A draconian scorcher (Depths:5)
  14 frost giants
  8 ghouls
  An iron dragon (Depths:1)
  Louise (Depths:2)
  2 balrugs
  9 reapers
  Aizul (Swamp:1)
  10 ironheart preservers
  4 curse skulls
  A draconian stormcaller (Depths:5)
  A caustic shrike zombie (Depths:4)
  3 deep elf elementalists (Elf:3)
  11 very ugly things
  27 stone giants
  7 deep elf demonologists
  3 green draconians
  Nessos (D:15)
  6 vampire knights
  5 deep elf annihilators
  A white draconian (Depths:5)
  A black draconian (Depths:5)
  A purple draconian (Depths:5)
  A yellow draconian (Depths:5)
  4 spark wasps
  8 deep elf death magi
  8 ettins
  2 mummy priests
  15 eidola
  3 quicksilver dragon zombies
  3 green deaths (Depths:1)
  A crystal guardian (Vaults:3)
  A merfolk impaler (Depths:3)
  8 jiangshi
  Josephine (D:12)
  6 fire dragons
  6 great orbs of eyes
  8 yaktaur captains
  10 ice dragons
  3 deep elf high priests (Elf:3)
  Erolcha (D:12)
  19 hydras
  2 spriggan air magi
  A quicksilver dragon skeleton (Crypt:3)
  4 vault guards (Vaults:1)
  2 rakshasas
  11 anacondas
  A hell beast (Depths:3)
  9 naga warriors
  13 ogre magi
  30 dancing weapons
  4 ghost crabs
  5 death yaks (Lair:6)
  9 alligators
  10 centaur warriors
  48 two-headed ogres
  3 titan zombies
  3 death knights
  4 catoblepae (Lair:6)
  3 tengu warriors
  4 spriggan berserkers
  11 deep troll shamans
  6 vampire magi
  6 deep troll earth magi
  6 orc high priests
  A small abomination (Elf:3)
  6 shock serpents
  26 deep elf knights
  A sun demon (Depths:4)
  Sonja (D:13)
  8 soul eaters
  3 salamander mystics
  12 naga sharpshooters
  8 iron trolls
  A ghost moth zombie (Crypt:3)
  2 spriggan druids
  A death drake (Swamp:3)
  A fire crab (shapeshifter) (Vaults:2)
  4 unseen horrors
  A shadow wraith (Vaults:3)
  41 skeletal warriors
  An unseen horror (shapeshifter) (Vaults:3)
  26 deep trolls
  3 flayed ghosts
  2 anaconda zombies
  A golden dragon skeleton (Crypt:3)
  6 glowing orange brains
  14 phantasmal warriors
  A shadow dragon zombie (Crypt:2)
  12 swamp dragons
  2 shambling mangroves (Swamp:3)
  20 deep elf archers
  4 wizards
  3 spectral hydras (Swamp:4)
  15 necromancers
  2 wolf spider zombies
  8 naga ritualists
  5 harpies (Vaults:2)
  15 orc knights
  A lindwurm (shapeshifter) (Vaults:2)
  Pikel (D:3)
  2 iron dragon zombies (Crypt:3)
  7 mana vipers
  8 ironbrand convokers
  2 anaconda skeletons
  A harpy (shapeshifter) (Depths:5)
  4 manticores
  11 wolf spiders
  2 stone giant zombies (Crypt:3)
  3 shadow dragon skeletons (Crypt:3)
  2 oklob plants
  41 ugly things
  9 salamanders
  An iron dragon skeleton (Crypt:3)
  A salamander (shapeshifter) (Vaults:2)
  19 cyclopes
  A frost giant zombie (Crypt:1)
  61 deep elf magi
  5 orc sorcerers
  3 centaur zombies
  Maurice (D:8)
  3 fire giant skeletons
  A stone giant skeleton (Vaults:2)
  2 rust devils
  35 black mambas
  A guardian serpent (shapeshifter) (D:15)
  9 vault sentinels
  A titan simulacrum (Depths:3)
  12 naga magi
  An elf zombie (Depths:4)
  8 guardian serpents
  4 elephants (Lair:5)
  An eye of devastation (shapeshifter) (D:15)
  4 ice statues (IceCv)
  10 spiny frogs
  2 gargoyles
  2 swamp worm zombies (Swamp:4)
  A yaktaur (shapeshifter) (D:14)
  2 efreet
  38 yaktaurs
  A komodo dragon (shapeshifter) (D:14)
  A rime drake (Lair:6)
  6 freezing wraiths
  4 komodo dragons
  A red draconian skeleton (Crypt:1)
  A green draconian skeleton (Crypt:1)
  13 hellwings (Crypt:3)
  A yaktaur skeleton (Vaults:2)
  3 red devils
  A minotaur skeleton (Crypt:3)
  A merfolk (shapeshifter) (Vaults:4)
  12 ice devils
  14 trolls
  4 hydra zombies (Swamp:4)
  A guardian mummy (Crypt:3)
  A meliai (shapeshifter) (Depths:3)
  3 jumping spiders (Crypt:3)
  7 polar bears
  A queen bee (shapeshifter) (D:15)
  A jumping spider (shapeshifter) (Vaults:1)
  7 tyrant leeches
  15 bog bodies
  12 hornets
  A spectral swamp dragon (Swamp:4)
  2 tengu simulacra (Vaults:1)
  50 slime creatures
  A harpy skeleton (Crypt:3)
  6 alligator zombies (Swamp:4)
  An ice dragon zombie (Crypt:3)
  16 blink frogs
  An ettin zombie (Crypt:3)
  6 hippogriffs
  The ghost of torrenera the Changer, an amateur OpTm (D:4)
  A fire dragon skeleton (Crypt:3)
  A frost giant simulacrum (Crypt:1)
  A stone giant simulacrum (Vaults:4)
  12 flying skulls
  4 ettin skeletons
  A black mamba zombie (Crypt:3)
  A meliai zombie (D:12)
  10 water elementals
  3 air elementals (Elf:2)
  2 redbacks
  4 spriggans
  A tarantella (shapeshifter) (Vaults:1)
  A human (D:8)
  2 shadows
  16 wraiths
  3 wyverns
  An elf skeleton (Depths:4)
  3 vampires
  An elf simulacrum (Depths:4)
  41 yaks
  8 hogs
  An alligator skeleton (Crypt:2)
  A hungry ghost (D:11)
  A basilisk (shapeshifter) (Depths:3)
  2 fire elementals (Elf:1)
  An ushabti (Crypt:3)
  A basilisk (D:12)
  A golden eye (shapeshifter) (Vaults:3)
  17 insubstantial wisps
  14 vampire mosquitoes
  4 wargs
  52 nagas
  18 swamp worms
  A merfolk zombie (Crypt:3)
  3 acid dragons
  2 soldier ants
  A deep troll zombie (Crypt:1)
  A hell hound (Depths:2)
  A porcupine (Lair:3)
  Duvessa (D:7)
  13 water moccasins
  A hornet zombie (D:13)
  11 ice beasts
  A snapping turtle zombie (Crypt:1)
  4 black bears
  10 swamp drakes
  36 orc warriors
  7 phantoms (Swamp:4)
  A sky beast (D:13)
  40 ogres
  4 swamp dragon zombies
  The ghost of grom234 the Skirmisher, an amateur FoAK of Lugonu (D:3)
  An eye of draining (D:11)
  13 boggarts
  A lindwurm skeleton (Crypt:1)
  2 centaurs (D:13)
  A necrophage (Crypt:1)
  42 wolves
  A snapping turtle skeleton (Crypt:3)
  21 crocodiles
  A salamander zombie (Crypt:2)
  A big kobold (D:8)
  A big kobold (shapeshifter) (Vaults:3)
  12 bullfrogs
  2 human skeletons (Vaults:2)
  2 earth elementals (Elf:1)
  A wyvern zombie (D:13)
  A deep troll simulacrum (Vaults:1)
  3 scorpions
  Dowan (D:7)
  3 killer bees (D:8)
  9 wyvern skeletons
  A warg skeleton (Crypt:2)
  An orc simulacrum (Vaults:1)
  18 wights
  2 electric eels (D:12)
  10 crimson imps
  10 howler monkeys
  2 draconian simulacra (IceCv)
  3 quasits
  A black bear zombie (Crypt:2)
  2 jellies
  22 orc priests
  10 hounds
  2 centaur skeletons
  Ijyb (D:4)
  A bullfrog skeleton (D:4)
  A human zombie (Crypt:1)
  An iguana (shapeshifter) (Vaults:3)
  4 iguanas
  27 orc wizards
  2 spectral swamp drakes (Swamp:4)
  11 worker ants
  3 troll simulacra (IceCv)
  A tengu zombie (Crypt:3)
  A centaur simulacrum (IceCv)
  2 hound zombies
  A naga skeleton (Crypt:3)
  A hound skeleton (D:10)
  3 mummies
  2 howler monkey zombies
  A worker ant zombie (D:11)
  13 adders
  4 gnolls (D:5)
  A howler monkey skeleton (D:7)
  2 swamp drake zombies (Swamp:4)
  A naga simulacrum (IceCv)
  3 ogre simulacra (IceCv)
  3 shadow imps
  An ufetubus (Depths:1)
  An ooze (D:1)
  An adder zombie (D:6)
  2 adder skeletons
  4 worms
  A dart slug (D:2)
  3 leopard geckos
  89 orcs
  A ball python (D:2)
  11 bats
  5 giant cockroaches
  6 goblins
  4 hobgoblins (D:3)
  18 jackals
  5 quokkas
  A dart slug zombie (Crypt:1)
  3 frilled lizards
  A frilled lizard skeleton (Crypt:1)
  A jackal skeleton (D:4)
  A jackal zombie (D:5)
  11 kobolds
  A kobold zombie (Crypt:2)
  A leopard gecko skeleton (D:7)
  2 leopard gecko zombies
  An orc skeleton (Crypt:1)
  An orc zombie (Crypt:2)
  A quokka zombie (D:5)
  6 rats
  A butterfly (Lair:4)
  3 crawling corpses (Elf:3)
  2 fungi
  2 plants (Lair:4)
  3 withered plants (Crypt:3)
2142 creatures vanquished.

Vanquished Creatures (collateral kills)
  Bai Suzhen (Vaults:2)
  2 bone dragons
  A titan (Depths:3)
  A vampire knight (Crypt:2)
  A deep troll shaman (D:15)
  An iron troll (D:15)
  A skeletal warrior (Crypt:2)
  A phantasmal warrior (Crypt:2)
  2 oklob plants (Lair:4)
  3 flying skulls (Crypt:2)
  A vampire mosquito (Swamp:2)
  A naga (Snake:4)
  A swamp drake zombie (Crypt:2)
  A leopard gecko skeleton (Crypt:2)
18 creatures vanquished.

Vanquished Creatures (others)
  Vashnia (Snake:4)
  Asterion (Depths:2)
  A deep elf master archer (Elf:3)
  A fire giant (Vaults:3)
  A deep elf elementalist (Elf:3)
  2 stone giants
  A yaktaur captain (Vaults:2)
  A centaur warrior (Depths:2)
  A two-headed ogre (Depths:3)
  A small abomination (Elf:3)
  2 deep elf knights
  An unseen horror (shapeshifter) (Vaults:3)
  3 deep elf archers
  A naga ritualist (Snake:4)
  A deep elf mage (Elf:1)
  An ugly thing (Depths:2)
  14 yaktaurs
  An orc warrior (Depths:4)
  A boggart (Vaults:1)
  An ogre (Vaults:4)
  3 centaurs (Depths:2)
  An orc priest (Vaults:1)
  A worker ant (D:4)
  2 briar patches (Swamp:4)
  11 fungi
  8 plants
  18 withered plants (Crypt:3)
81 creatures vanquished.

Grand Total: 2241 creatures vanquished

Notes
Turn   | Place    | Note
-------+----------+-------------------------------------------
     0 | D:1      | grindst0ne the Kobold Berserker began the quest for the Orb.
     0 | D:1      | Reached XP level 1. HP: 14/14 MP: 1/1
   276 | D:1      | Reached XP level 2. HP: 19/19 MP: 2/2
  1128 | D:1      | Reached XP level 3. HP: 24/24 MP: 3/3
  1557 | D:2      | Reached XP level 4. HP: 28/29 MP: 4/4
  1570 | D:2      | Reached ** piety under Trog
  1715 | D:2      | Reached skill level 5 in Short Blades
  2106 | D:2      | Reached XP level 5. HP: 21/34 MP: 5/5
  2745 | D:3      | Reached XP level 6. HP: 40/40 MP: 6/6
  2753 | D:3      | Reached skill level 5 in Fighting
  2919 | D:3      | Reached skill level 5 in Dodging
  3117 | D:3      | Reached *** piety under Trog
  3174 | D:3      | Noticed grom234's ghost (amateur FoAK)
  3751 | D:3      | Killed grom234's ghost
  3751 | D:3      | Reached XP level 7. HP: 44/44 MP: 7/7
  3844 | D:4      | Noticed Ijyb
  3844 | D:4      | Noticed Pikel
  3844 | D:4      | Noticed torrenera's ghost (amateur OpTm)
  3914 | D:4      | Killed Ijyb
  3985 | D:3      | Killed Pikel
  3985 | D:3      | Reached XP level 8. HP: 38/52 MP: 8/8
  4070 | D:4      | Killed torrenera's ghost
  4964 | D:5      | Entered Level 5 of the Dungeon
  4993 | D:5      | Reached XP level 9. HP: 57/57 MP: 9/9
  5508 | D:5      | Found a shadowy altar of Dithmenos.
  6093 | D:6      | Got an ichor-stained cloak
  6099 | D:6      | Identified the cursed +0 cloak of the Wilderness {Int+3} (You found it on level 6 of the Dungeon)
  6155 | D:6      | Found a staircase to the Ecumenical Temple.
  6706 | D:6      | Found Mozxoica's Antique Weapon Emporium.
  6714 | D:6      | Reached **** piety under Trog
  7168 | D:7      | Reached skill level 10 in Short Blades
  7241 | D:7      | Reached skill level 1 in Evocations
  7360 | D:7      | Noticed Duvessa
  7360 | D:7      | Noticed Dowan
  7365 | D:7      | Killed Dowan
  7380 | D:7      | Killed Duvessa
  7989 | D:8      | Noticed Maurice
  7991 | D:8      | Paralysed by Maurice for 6 turns
  8018 | D:8      | Paralysed by Maurice for 6 turns
  8022 | D:8      | Killed Maurice
  8022 | D:8      | Reached XP level 10. HP: 42/65 MP: 10/12
  8033 | D:8      | Got a faintly glowing rapier
  8043 | D:8      | Identified the +6 rapier "Xicvio" {elec, rF+} (You found it on level 8 of the Dungeon)
  8459 | D:8      | Found a staircase to the Lair.
  8868 | D:8      | Reached skill level 5 in Evocations
  9390 | D:9      | Reached XP level 11. HP: 65/72 MP: 15/15
  9402 | D:9      | Reached skill level 10 in Fighting
  9458 | D:9      | Got a slimy scale mail
  9469 | D:9      | Identified the +1 scale mail of the Equinox {rElec Dex+3} (You found it on level 9 of the Dungeon)
  9794 | D:10     | Entered Level 10 of the Dungeon
  9808 | D:10     | Noticed a two-headed ogre
  9815 | D:10     | Killed a two-headed ogre
  9901 | D:10     | Reached ***** piety under Trog
 10280 | D:10     | Noticed a two-headed ogre
 10287 | D:10     | Killed a two-headed ogre
 10481 | D:11     | Noticed a two-headed ogre
 10489 | D:11     | Killed a two-headed ogre
 10489 | D:11     | Reached skill level 5 in Armour
 10491 | D:11     | Noticed a two-headed ogre
 10497 | D:11     | Killed a two-headed ogre
 10807 | D:11     | Killed an unseen horror
 10851 | D:11     | Noticed a two-headed ogre
 10859 | D:11     | Killed a two-headed ogre
 10859 | D:11     | Reached XP level 12. HP: 80/80 MP: 9/16
 10937 | D:11     | Noticed a two-headed ogre
 10943 | D:11     | Killed a two-headed ogre
 11244 | D:12     | Noticed Erolcha
 11253 | D:12     | Killed Erolcha
 11506 | D:12     | Noticed a death knight
 11525 | D:12     | Killed a death knight
 11548 | D:12     | Received a gift from Trog
 12247 | D:12     | Found a staircase to the Orcish Mines.
 12520 | D:12     | Noticed an ogre mage
 12527 | D:12     | Killed an ogre mage
 12540 | D:12     | Noticed a four-headed hydra
 12549 | D:12     | Killed a four-headed hydra
 12556 | D:12     | Reached XP level 13. HP: 88/88 MP: 17/17
 12601 | D:12     | Noticed an eight-headed hydra
 12608 | D:12     | Killed an eight-headed hydra
 13152 | D:12     | Reached skill level 10 in Dodging
 13390 | Lair:1   | Entered Level 1 of the Lair of Beasts
 14209 | Lair:2   | Noticed a five-headed hydra
 14216 | Lair:2   | Killed a five-headed hydra
 14384 | Lair:2   | Found a staircase to the Swamp.
 15490 | Lair:3   | Noticed a five-headed hydra
 15496 | Lair:3   | Killed a five-headed hydra
 15982 | Lair:4   | Received a gift from Trog
 16010 | Lair:4   | Noticed an eight-headed hydra
 16019 | Lair:4   | Killed an eight-headed hydra
 16105 | Lair:4   | Noticed a six-headed hydra
 16114 | Lair:4   | Killed a six-headed hydra
 16120 | Lair:4   | Found a staircase to the Snake Pit.
 16220 | Lair:4   | Found a frozen archway.
 16233 | Lair:4   | Reached XP level 14. HP: 96/96 MP: 18/18
 16273 | IceCv    | Entered an ice cave
 16328 | IceCv    | Reached skill level 15 in Fighting
 19119 | Lair:5   | Received a gift from Trog
 19802 | Lair:6   | Entered Level 6 of the Lair of Beasts
 20164 | Lair:6   | Received a gift from Trog
 20532 | Lair:6   | Reached XP level 15. HP: 76/105 MP: 19/19
 20888 | Lair:6   | Reached skill level 15 in Dodging
 21782 | Lair:6   | Found a staircase to the Slime Pits.
 22683 | D:13     | Found Gihi's Magic Scroll Boutique.
 22706 | D:13     | Bought a scroll of identify for 22 gold pieces
 22706 | D:13     | Bought a scroll of identify for 22 gold pieces
 22706 | D:13     | Bought a scroll of silence for 82 gold pieces
 22707 | D:13     | Identified a scroll of acquirement
 22713 | D:13     | Got a flickering marble ring
 22715 | D:13     | Identified the ring "Pofugurph" {Fire rPois Str-2 Stlth+} (You acquired it on level 13 of the Dungeon)
 22723 | D:13     | Bought a scroll of identify for 22 gold pieces
 22723 | D:13     | Bought a scroll of identify for 22 gold pieces
 23266 | D:13     | Noticed Sonja
 23321 | D:13     | Killed Sonja
 23321 | D:13     | Reached ****** piety under Trog
 23858 | D:14     | Found a gate to the Vaults.
 24109 | D:14     | Received a gift from Trog
 24300 | D:14     | Got a crude lead ring
 24302 | D:14     | Identified the ring of Dubbeyh {rN+ Str+4 Dex+2} (You found it on level 14 of the Dungeon)
 25370 | D:15     | Entered Level 15 of the Dungeon
 25963 | D:15     | Reached XP level 16. HP: 114/114 MP: 20/20
 26246 | D:15     | Noticed Nessos
 26255 | D:15     | Killed Nessos
 26909 | D:15     | Received a gift from Trog
 27366 | D:15     | Found a staircase to the Depths.
 27719 | Orc:1    | Entered Level 1 of the Orcish Mines
 27719 | Orc:1    | Noticed Josephine
 27744 | D:12     | Killed Josephine
 28047 | Orc:1    | Received a gift from Trog
 28064 | Orc:1    | Found Cucva's Gadget Boutique.
 28292 | Orc:2    | Entered Level 2 of the Orcish Mines
 28549 | Orc:2    | Found a staircase to the Elven Halls.
 29210 | Orc:2    | Found Kaunugotz's Antique Weapon Shoppe.
 29210 | Orc:2    | Found Uwiyle's Distillery.
 29220 | Orc:2    | Received a gift from Trog
 29223 | Orc:2    | Found Ynotaop's General Store.
 29223 | Orc:2    | Found Toewk's Book Shoppe.
 29237 | Orc:2    | Bought a scroll of enchant armour for 105 gold pieces
 29239 | Orc:2    | Bought a potion of agility for 68 gold pieces
 29239 | Orc:2    | Bought a potion of might for 68 gold pieces
 29294 | Orc:2    | Found a roughly hewn altar of Beogh.
 29969 | Swamp:1  | Entered Level 1 of the Swamp
 30318 | Swamp:1  | Noticed Kirke
 30338 | Swamp:1  | Killed Kirke
 30572 | Swamp:1  | Noticed Aizul
 30589 | Swamp:1  | Killed Aizul
 31185 | Swamp:2  | Noticed Roxanne
 31223 | Swamp:2  | Noticed Donald
 31231 | Swamp:2  | Killed Donald
 31231 | Swamp:2  | Reached XP level 17. HP: 116/122 MP: 21/21
 31256 | Swamp:2  | Reached skill level 1 in Shields
 31495 | Swamp:2  | Received a gift from Trog
 32463 | Swamp:2  | Killed Roxanne
 32717 | Swamp:3  | Reached skill level 5 in Shields
 32846 | Swamp:3  | Got a scintillating lead amulet
 32848 | Swamp:3  | Identified the amulet "Zoimp" {Acrobat rF+ MR+ Stlth+} (You acquired it on level 3 of the Swamp)
 33480 | Swamp:3  | Found an ancient bone altar of Kikubaaqudgha.
 34223 | Swamp:4  | Entered Level 4 of the Swamp
 34712 | Swamp:4  | Noticed a thorn hunter
 35342 | Swamp:3  | Killed a thorn hunter
 35868 | Swamp:4  | Noticed a bone dragon
 36186 | Swamp:4  | Killed a bone dragon
 36186 | Swamp:4  | Reached XP level 18. HP: 125/127 MP: 22/22
 36447 | Swamp:4  | Reached skill level 10 in Shields
 36488 | Swamp:4  | Got a decaying rune of Zot
 37180 | Snake:1  | Entered Level 1 of the Snake Pit
 37250 | Snake:1  | Found an ancient bone altar of Kikubaaqudgha.
 38587 | Snake:2  | Received a gift from Trog
 39234 | Snake:3  | Found an ancient bone altar of Kikubaaqudgha.
 40336 | Snake:4  | Entered Level 4 of the Snake Pit
 40415 | Snake:4  | Noticed Agnes
 40427 | Snake:4  | Killed Agnes
 40694 | Snake:4  | Noticed Vashnia
 40714 | Snake:4  | Killed Vashnia
 40714 | Snake:4  | Reached XP level 19. HP: 88/133 MP: 23/23
 40946 | Snake:4  | Received a gift from Trog
 43183 | Snake:4  | Got a serpentine rune of Zot
 43534 | Vaults:1 | Entered Level 1 of the Vaults
 43858 | Vaults:1 | Received a gift from Trog
 43877 | Vaults:1 | Reached skill level 15 in Shields
 44423 | Vaults:1 | Reached XP level 20. HP: 139/139 MP: 24/24
 45076 | Vaults:1 | Received a gift from Trog
 45999 | Vaults:2 | Noticed Bai Suzhen
 46042 | Vaults:2 | Killed Bai Suzhen
 46042 | Vaults:2 | Reached skill level 10 in Armour
 46686 | Vaults:2 | Received a gift from Trog
 47698 | Vaults:2 | Found a staircase to the Crypt.
 48579 | Vaults:3 | Reached XP level 21. HP: 148/148 MP: 25/25
 49109 | Vaults:3 | Received a gift from Trog
 50369 | Vaults:3 | Found Vodisyck's Magic Scroll Shoppe.
 50376 | Vaults:3 | Bought a scroll of teleportation for 33 gold pieces
 50376 | Vaults:3 | Bought a scroll of teleportation for 33 gold pieces
 50376 | Vaults:3 | Bought a scroll of teleportation for 33 gold pieces
 50376 | Vaults:3 | Bought a scroll of blinking for 82 gold pieces
 50571 | Vaults:4 | Reached skill level 15 in Short Blades
 52244 | Vaults:4 | Received a gift from Trog
 52271 | Vaults:4 | Reached XP level 22. HP: 134/155 MP: 26/26
 52560 | Vaults:4 | Received a gift from Trog
 52620 | Vaults:4 | HP: 1/155 [Hell Sentinel/damnation[an ironheart preserver] (42)]
 53154 | Depths:1 | Entered Level 1 of the Depths
 54694 | Depths:1 | Found a gateway to Hell.
 54722 | Depths:1 | Found a one-way gate leading to the halls of Pandemonium.
 55393 | Depths:2 | Received a gift from Trog
 56479 | Depths:2 | Noticed Nikola
 56835 | Depths:1 | Killed Nikola
 57642 | Depths:2 | Got a fine demon blade
 57649 | Depths:2 | Identified the +9 demon blade of Reinforcement {flame, Str+2 Int+3} (You found it on level 2 of the Depths)
 57722 | Depths:2 | Reached skill level 1 in Long Blades
 57795 | Depths:2 | Noticed Asterion
 57807 | Depths:2 | Killed Asterion
 58284 | Depths:1 | Found a glowing golden altar of the Shining One.
 58333 | Depths:1 | Reached XP level 23. HP: 160/160 MP: 27/27
 58625 | Depths:1 | Reached skill level 15 in Armour
 58643 | Depths:1 | Found the +2 hat of the Bear Spirit {Spirit, +Rage rN+ MR++}
 58664 | Depths:1 | Got a wavering silver amulet
 58725 | Depths:1 | Found the +8 Wrath of Trog {antimagic, *Rage}
 58866 | Depths:2 | Noticed an ancient lich
 59086 | Depths:2 | Noticed Louise
 59101 | Depths:2 | Found a one-way gate to the infinite horrors of the Abyss.
 59122 | Depths:2 | Killed Louise
 59174 | Depths:2 | Noticed an ancient lich
 59175 | Depths:2 | Found a gateway to a ziggurat.
 59175 | Depths:2 | Noticed an ancient lich
 59481 | Depths:3 | Received a gift from Trog
 59481 | Depths:3 | Reached skill level 5 in Long Blades
 61390 | Depths:3 | Noticed a caustic shrike
 61391 | Depths:3 | Noticed a golden dragon
 61437 | Depths:3 | Noticed a juggernaut
 61439 | Depths:3 | Killed a golden dragon
 61454 | Depths:3 | Killed a juggernaut
 61525 | Depths:3 | Found Fowk's Jewellery Boutique.
 61538 | Depths:3 | Identified the amulet of Lugonu's Pride {Harm *Drain MP+9 Int+4} (You found it on level 1 of the Depths)
 61784 | Depths:3 | Reached XP level 24. HP: 153/166 MP: 27/27
 62554 | Depths:3 | Killed a caustic shrike
 62757 | Depths:3 | Identified the amulet of Takhut {RegenMP rF+ Int+3 Dex-5 Stlth+} (You found it on level 3 of the Depths)
 63070 | Depths:4 | Reached skill level 10 in Long Blades
 63481 | Depths:4 | Found a large runed door.
 63482 | Depths:4 | Found a large runed door.
 65887 | Depths:5 | Entered Level 5 of the Depths
 65896 | Depths:4 | Reached XP level 25. HP: 150/171 MP: 24/27
 66333 | Depths:5 | Found Zaclonn's Armour Emporium.
 66425 | Depths:5 | Reached skill level 1 in Spellcasting
 66563 | Depths:5 | Noticed a caustic shrike
 66564 | Depths:5 | Noticed a caustic shrike
 66564 | Depths:5 | Noticed a caustic shrike
 66575 | Depths:5 | Noticed a caustic shrike
 66575 | Depths:5 | Noticed a caustic shrike
 66585 | Depths:5 | Killed a caustic shrike
 66958 | Depths:5 | Killed a caustic shrike
 66962 | Depths:5 | Killed a caustic shrike
 67007 | Depths:5 | Killed a caustic shrike
 67266 | Depths:5 | Killed a caustic shrike
 67439 | Depths:5 | Reached skill level 5 in Spellcasting
 67934 | Depths:5 | Reached * piety under Trog
 68055 | Depths:5 | Found a gate to the Realm of Zot.
 68377 | Depths:5 | Fell from the grace of Trog
 68763 | Snake:1  | Became a worshipper of Kikubaaqudgha
 69752 | Orc:2    | Bought a Necronomicon for 1324 gold pieces
 69752 | Orc:2    | Bought a book of Minor Magic for 240 gold pieces
 69755 | Orc:2    | Learned a level 2 spell: Blink
 69758 | Orc:2    | Learned a level 2 spell: Song of Slaying
 69762 | Orc:2    | Learned a level 3 spell: Regeneration
 69771 | Orc:2    | Learned a level 8 spell: Death's Door
 69780 | Orc:2    | Learned a level 8 spell: Necromutation
 69785 | Orc:2    | Learned a level 4 spell: Animate Dead
 69794 | Orc:2    | Learned a level 8 spell: Borgnjor's Revivification
 71473 | Depths:4 | Identified the Catalogue of Earth and the Voyage
 71820 | Crypt:1  | Entered Level 1 of the Crypt
 71843 | Vaults:2 | Reached skill level 1 in Necromancy
 71863 | Vaults:2 | Reached skill level 1 in Translocations
 72298 | Crypt:1  | Reached * piety under Kikubaaqudgha
 72298 | Crypt:1  | Identified Kikubaaqudgha's Tome of Black Arts (Kikubaaqudgha gifted it to you on level 1 of the Crypt)
 72298 | Crypt:1  | Received a gift from Kikubaaqudgha
 72566 | Crypt:1  | Reached skill level 5 in Necromancy
 72595 | Crypt:1  | Reached XP level 26. HP: 177/177 MP: 32/32
 72840 | Crypt:1  | Noticed Jorgrun
 72852 | Crypt:1  | Killed Jorgrun
 73492 | Crypt:2  | Noticed Mennas
 73510 | Crypt:2  | Killed Mennas
 73522 | Crypt:2  | Reached ** piety under Kikubaaqudgha
 73522 | Crypt:2  | Reached skill level 5 in Translocations
 76638 | Crypt:3  | Entered Level 3 of the Crypt
 77064 | Crypt:3  | Noticed Jory
 77113 | Crypt:3  | Killed Jory
 77127 | Crypt:3  | Reached *** piety under Kikubaaqudgha
 77127 | Crypt:3  | Identified Kikubaaqudgha's Compendium of Stolen Souls (Kikubaaqudgha gifted it to you on level 3 of the Crypt)
 77127 | Crypt:3  | Received a gift from Kikubaaqudgha
 77888 | Crypt:3  | Reached skill level 10 in Necromancy
 77941 | Crypt:3  | Paralysed by Trog for 2 turns
 78322 | Crypt:3  | Found a staircase to the Tomb.
 78324 | Crypt:3  | Reached **** piety under Kikubaaqudgha
 78917 | Crypt:3  | Found an ancient bone altar of Kikubaaqudgha.
 79213 | Crypt:3  | Got a faintly glowing iron ring
 79215 | Crypt:3  | Noticed an ancient lich
 79228 | Crypt:3  | Killed an ancient lich
 79230 | Crypt:3  | Identified Kikubaaqudgha's Reference Book on Dark Magic
 79251 | Crypt:3  | Identified the ring "Begoimm" {*Tele +Blink Stlth+} (You took it off a necromancer on level 3 of the Crypt)
 79470 | Crypt:3  | Reached XP level 27. HP: 139/179 MP: 29/33
 79884 | Crypt:3  | Identified the +10 rapier "Ycyraph" {freeze, Str+4} (You found it on level 3 of the Crypt)
 80441 | Elf:1    | Entered Level 1 of the Elven Halls
 80653 | Elf:1    | Reached ***** piety under Kikubaaqudgha
 81516 | Elf:1    | Paralysed by Trog for 3 turns
 82119 | Elf:2    | Found a runed gate.
 82119 | Elf:2    | Found a runed gate.
 82119 | Elf:2    | Found a runed gate.
 82748 | Elf:2    | Found Jafeunia's Antique Weapon Shoppe.
 82756 | Elf:2    | Bought a polished rapier for 234 gold pieces
 82756 | Elf:2    | Identified the +6 rapier "Saoxe" {pierce, *Drain rF+ Dex+3} (You bought it in a shop on level 2 of the Elven Halls)
 83128 | Elf:3    | Entered Level 3 of the Elven Halls
 83213 | Elf:3    | Reached skill level 10 in Translocations
 83428 | Elf:3    | Found an ancient bone altar of Kikubaaqudgha.
 84367 | Orc:1    | Bought a wand of digging (11) for 450 gold pieces
 84836 | Elf:3    | Reached ****** piety under Kikubaaqudgha
 85604 | Elf:3    | Identified the ring "Puanim" {*Tele *Drain +Fly rC+ Str+4} (You took it off a deep elf annihilator on level 3 of the Elven Halls)
 85617 | Elf:3    | HP: 8/182 [stone giant[the rage of Trog] (34)]
 85617 | Elf:3    | Slain by a deep troll

Vault maps used:
D:1:      eino_arrival_water_cross, minmay_misc_feat_diagonals,
          grunt_decor_resistance
D:4:      uniq_ijyb, uniq_pikel
D:5:      nicolae_dithmenos_the_darkroom, first_ration, nicolae_zen_rock_garden
D:6:      minmay_temple_entry_mist, serial_shops, kennysheep_little_box,
          minmay_liquid_box
D:7:      uniq_duvessa
D:8:      david_lair_generic, grunt_livestock, minmay_statues_item, uniq_maurice
D:12:     minmay_stepped, kennysheep_small_circle, uniq_erolcha
D:13:     serial_shops, shop, serial_co_window_serial, co_window_cross_1,
          co_window_of_opportunity_a, co_window_of_opportunity_a,
          co_window_cross_1, co_window_paths_a, co_window_of_opportunity_a,
          co_window_broadway_c, co_window_paths_c, co_window_unsneaky_path_e,
          co_window_corner_b, co_window_2corner, co_window_corner_b,
          co_window_corner_ca, co_window_paths_e, minmay_misc_feat_roman,
          uniq_sonja
D:14:     erik_vaults_1, nicolae_benzene_ring
D:15:     gammafunk_enter_depths_forms, minmay_misc_feat_nine_boxes, uniq_nessos
Lair:2:   minmay_swamp_entry_worms
Lair:3:   grunt_megastairs_4
Lair:4:   guppyfry_snake_entry_island, portal_ice_cave_entry_ice_beasts,
          cheibrodos_lair_caveside_slide, minmay_lair_oklob_chamber,
          lemuel_fruit_fields, infiniplex_staircase_pool_2
Lair:5:   st_stairs_9, serial_bayou_shore_b, serial_bayou_shore_b
Lair:6:   evilmike_catoblepas_cave, minmay_slime_entry_oklob_enclosed,
          grunt_forest_large_clearings
Swamp:1:  nicolae_swamp_trees_clearing, swamp_pool3, hangedman_swamp_pad,
          uniq_kirke, uniq_aizul
Swamp:2:  hangedman_swamp_cone, swamp_pool3, ldierk_geyser, uniq_donald,
          uniq_roxanne
Swamp:3:  nicolae_swamp_very_dense_foliage, swamp_pool2, grunt_ruined_hall,
          infiniplex_staircase_pool
Swamp:4:  swamp_pestilence
Snake:1:  basic_altar
Snake:3:  basic_altar, st_stairs_6, grunt_megastairs_5
Snake:4:  johnstein_snake_rune_scales, uniq_agnes
Orc:1:    serial_shops, shop, uniq_josephine
Orc:2:    grunt_orc_tribal_feast, nicolae_orc_lost_temple
Elf:1:    hangedman_corner_corridor
Elf:2:    serial_shops, nicolae_shop_crystal
Elf:3:    minmay_elf_hall_x, basic_altar, grunt_megastairs_2,
          basic_stair_grate_trap
Vaults:1: nicolae_vaults_network_square, hangedman_vaults_stitches,
          nicolae_vaults_hallways_thing, serial_ice_g, v_rooms_4,
          nicolae_vaults_circle_grid_b, vaults_room_grunt_arrival_checkpoint,
          vaults_room_pools, ontoclasm_vaults_claustrophobia,
          nicolae_vaults_shelves_hall, nicolae_vaults_mini_display_case
Vaults:2: nicolae_vaults_little_squares_2, minmay_crypt_entry_skeletal_spiral,
          vaults_dpeg_doors, v_misc_15, v_misc_11, hangedman_vaults_impose,
          hangedman_vaults_corner, hangedman_vaults_unwind,
          dpeg_vaults_monster_row, vaults_room_door_ring, nicolae_vaults_theta,
          uniq_bai_suzhen
Vaults:3: v_rooms_1, nicolae_vaults_three_branches, ontoclasm_vaults_fault,
          hangedman_vaults_stream, nicolae_vaults_minivaults, v_pattern_2,
          vaults_room_mumra_shop_pool, nicolae_vaults_sealed_display,
          grunt_vaults_funnel, nicolae_vaults_little_squares_3,
          vaults_dpeg_diagonal
Vaults:4: v_misc_30, v_misc_15, vaults_room_corners, v_alt_pattern_6,
          ontoclasm_vaults_chip, ontoclasm_vaults_idyll, vaults_room_pool,
          v_misc_9, hangedman_vaults_hat, nicolae_vaults_know_your_exits,
          serial_ice_g, nicolae_vaults_little_squares_2
Crypt:1:  uniq_jorgrun
Crypt:2:  uniq_mennas
Crypt:3:  evilmike_haunted_forest, uniq_jory
Depths:1: cheibrodos_poisonous_passages, rand_demon_pan_entry_5,
          minmay_strange_pillars, hell_entry, grunt_ministairs_8,
          hangedman_decor_clover_reticule, hangedman_decor_diamond_cutter,
          tso_altar
Depths:2: minmay_diamond_stairs, enter_ziggurat_c, kennysheep_pointless_box,
          nicolae_abyss_entry_one_way_or_another, hellmouth_1,
          solitary_fountain, uniq_nikola, uniq_asterion
Depths:3: hangedman_box_tower, serial_shops, nicolae_shop_window_shopping,
          grunt_mini_vestibule, pan_entry, grunt_decor_cap, grunt_ministairs_3,
          serial_bayou_shore_b
Depths:4: lightli_eight_chambers, abyss_entry_small_statue_room,
          minmay_staircase_windowed_small, pf_hell_entry_great_geh
Depths:5: grunt_crosshair, serial_shops, nicolae_shop_waterfront, abyss_entry,
          hell_entry
IceCv:    ice_cave_tombish

Skill      XL: |  1  2  3  4  5  6  7  8  9 10 11 12 13 14 15 16 17 18 19 20 21 22 23 24 25 26 27 |
---------------+----------------------------------------------------------------------------------+-----
Dodging        | 3 4 5 6 7 9 12 14 16 18 19 21 | 21.0
Fighting       | 4 5 6 7 8 9 11 13 14 16 18 19 20 21 | 21.0
Short Blades   | 5 6 7 8 10 11 13 14 16 18 | 18.0
Evocations     | 2 5 6 |  6.3
Armour         | 3 5 8 11 12 14 16 | 16.0
Shields        | 9 13 15 | 15.0
Long Blades    | 2 7 11 | 11.9
Spellcasting   | 6 8 |  8.0
Necromancy     | 5 11 14 | 14.9
Translocations | 3 8 11 | 11.0

Action                   |  1- 3 |  4- 6 |  7- 9 | 10-12 | 13-15 | 16-18 | 19-21 | 22-24 | 25-27 || total
-------------------------+-------+-------+-------+-------+-------+-------+-------+-------+-------++-------
Melee: Short sword       |    31 |    13 |       |       |       |       |       |       |       ||    44
       Dagger            |    34 |   160 |   469 |     5 |       |       |       |       |       ||   668
       Rapier            |       |       |       |   461 |  1413 |  2179 |   942 |   454 |       ||  5449
       Quick blade       |       |       |       |       |       |       |  1966 |   379 |       ||  2345
       Demon blade       |       |       |       |       |       |       |       |  1116 |  2451 ||  3567
Invok: Berserk           |     1 |     4 |    13 |    12 |    28 |    35 |    18 |    27 |     4 ||   142
       Trog's Hand       |       |     3 |     2 |     1 |     7 |    18 |     9 |    23 |     3 ||    66
       Brothers in Arms  |       |       |       |       |       |       |     1 |    11 |       ||    12
Evoke: Wand              |       |       |       |       |    21 |    13 |     2 |    10 |    24 ||    70
       Phial of floods   |       |       |       |       |     1 |     2 |       |       |       ||     3
       Box of beasts     |       |       |       |       |     1 |       |       |       |       ||     1
       Sack of spiders   |       |       |       |       |       |     1 |       |       |     1 ||     2
  Use: Scroll            |       |       |     7 |    13 |    14 |    11 |    11 |     8 |    18 ||    82
       Potion            |       |       |       |       |     2 |     4 |     2 |    12 |    18 ||    38
 Stab: Sleeping          |     2 |       |       |       |       |       |       |       |       ||     2
       Petrifying        |       |       |       |       |     2 |       |       |       |       ||     2
       Petrified         |       |       |       |       |     1 |       |       |       |       ||     1
       Paralysed         |       |       |       |       |     1 |       |       |       |       ||     1
       Distracted        |       |       |       |       |       |     2 |     3 |     2 |       ||     7
       Invisible         |       |       |       |       |       |       |       |     4 |     1 ||     5
  Eat: Chunk             |    11 |    10 |    26 |    26 |    63 |    84 |    60 |    82 |    54 ||   416
       Ration            |       |       |       |       |     4 |     2 |       |     1 |     9 ||    16
Armor: Leather armour    |     9 |    10 |       |       |       |       |       |       |       ||    19
       Animal skin       |     2 |       |       |       |       |       |       |       |       ||     2
       Ring mail         |       |    14 |    69 |     6 |       |       |       |       |       ||    89
       Chain mail        |       |       |       |    17 |       |       |       |       |       ||    17
       Scale mail        |       |       |       |    17 |     9 |       |       |       |       ||    26
       Gold dragon scale |       |       |       |       |   442 |   564 |   360 |   463 |   765 ||  2594
Dodge: Dodged            |    60 |   109 |   272 |   244 |   605 |  1042 |   823 |   884 |  1397 ||  5436
Block: Other             |       |       |    19 |    30 |    78 |       |       |       |       ||   127
       Reflection        |       |       |       |     2 |     1 |    29 |   113 |    90 |    85 ||   320
       Shield            |       |       |       |       |       |   755 |  1320 |  1337 |  1831 ||  5243
       Rpst.: Demon blade |       |       |       |       |       |       |       |   111 |   294 ||   405

Table legend:
 A = Spawn XP
 B = Non-spawn XP
 C = Spawn XP percentage of total XP
 D = Spawn monster count
 E = Non-spawn monster count
 F = Spawn count percentage of total count
 G = Total turns spent on level
                    A         B        C        D         E        F      G
               +---------+---------+-------+---------+---------+-------+---------
         Total |       0 | 1189439 |   0.0 |       0 |    2136 |   0.0 | 85617
               +---------+---------+-------+---------+---------+-------+---------
           D:1 |       0 |      56 |   0.0 |       0 |      23 |   0.0 |  1543
           D:2 |       0 |     210 |   0.0 |       0 |      30 |   0.0 |  1627
           D:3 |       0 |     998 |   0.0 |       0 |      23 |   0.0 |   748
           D:4 |       0 |     659 |   0.0 |       0 |      18 |   0.0 |  1046
           D:5 |       0 |     407 |   0.0 |       0 |      27 |   0.0 |  1012
           D:6 |       0 |     754 |   0.0 |       0 |      26 |   0.0 |   861
           D:7 |       0 |     541 |   0.0 |       0 |      16 |   0.0 |  1152
           D:8 |       0 |    3580 |   0.0 |       0 |      33 |   0.0 |  1452
           D:9 |       0 |     867 |   0.0 |       0 |      11 |   0.0 |   746
          D:10 |       0 |    2937 |   0.0 |       0 |      19 |   0.0 |   739
          D:11 |       0 |    5598 |   0.0 |       0 |      26 |   0.0 |   905
          D:12 |       0 |   17547 |   0.0 |       0 |      71 |   0.0 |  2874
          D:13 |       0 |    7893 |   0.0 |       0 |      37 |   0.0 |  2005
          D:14 |       0 |    8239 |   0.0 |       0 |      23 |   0.0 |  2160
          D:15 |       0 |   27514 |   0.0 |       0 |      76 |   0.0 |  3119
        Lair:1 |       0 |     740 |   0.0 |       0 |       6 |   0.0 |   915
        Lair:2 |       0 |    3657 |   0.0 |       0 |      17 |   0.0 |  1314
        Lair:3 |       0 |    5998 |   0.0 |       0 |      23 |   0.0 |  1177
        Lair:4 |       0 |    8656 |   0.0 |       0 |      27 |   0.0 |  1749
        Lair:5 |       0 |    5892 |   0.0 |       0 |      21 |   0.0 |   896
        Lair:6 |       0 |   25786 |   0.0 |       0 |      95 |   0.0 |  2105
       Swamp:1 |       0 |   11170 |   0.0 |       0 |      27 |   0.0 |  1055
       Swamp:2 |       0 |   16275 |   0.0 |       0 |      40 |   0.0 |  1533
       Swamp:3 |       0 |   27615 |   0.0 |       0 |      57 |   0.0 |  2262
       Swamp:4 |       0 |   20466 |   0.0 |       0 |      62 |   0.0 |  2296
       Snake:1 |       0 |    1990 |   0.0 |       0 |       5 |   0.0 |   559
       Snake:2 |       0 |   17464 |   0.0 |       0 |      37 |   0.0 |  1550
       Snake:3 |       0 |   16770 |   0.0 |       0 |      29 |   0.0 |  1816
       Snake:4 |       0 |   62627 |   0.0 |       0 |     101 |   0.0 |  2481
         Orc:1 |       0 |    1331 |   0.0 |       0 |      21 |   0.0 |   722
         Orc:2 |       0 |   10569 |   0.0 |       0 |      55 |   0.0 |  1636
         Elf:1 |       0 |   24236 |   0.0 |       0 |      44 |   0.0 |  1355
         Elf:2 |       0 |   39243 |   0.0 |       0 |      54 |   0.0 |  1740
         Elf:3 |       0 |   60194 |   0.0 |       0 |      61 |   0.0 |  1948
      Vaults:1 |       0 |   53604 |   0.0 |       0 |     108 |   0.0 |  3148
      Vaults:2 |       0 |   40581 |   0.0 |       0 |      53 |   0.0 |  2644
      Vaults:3 |       0 |   52969 |   0.0 |       0 |      73 |   0.0 |  2561
      Vaults:4 |       0 |   63079 |   0.0 |       0 |      86 |   0.0 |  2277
       Crypt:1 |       0 |   55588 |   0.0 |       0 |      64 |   0.0 |  3291
       Crypt:2 |       0 |   31223 |   0.0 |       0 |      44 |   0.0 |  1367
       Crypt:3 |       0 |   81353 |   0.0 |       0 |     113 |   0.0 |  3461
      Depths:1 |       0 |   66711 |   0.0 |       0 |      62 |   0.0 |  3063
      Depths:2 |       0 |   37455 |   0.0 |       0 |      49 |   0.0 |  2396
      Depths:3 |       0 |  112387 |   0.0 |       0 |     100 |   0.0 |  3311
      Depths:4 |       0 |   77467 |   0.0 |       0 |      73 |   0.0 |  3493
      Depths:5 |       0 |   72096 |   0.0 |       0 |      44 |   0.0 |  2047
         IceCv |       0 |    6447 |   0.0 |       0 |      26 |   0.0 |  1460
               +---------+---------+-------+---------+---------+-------+---------
